 Dungeon Crawl Stone Soup version 0.22.1 (webtiles) character file.

5539 dohliylev the Covert (level 10, -1/72 HPs)
             Began as a Vampire Enchanter on Sept 19, 2018.
             Was a Follower of Makhleb.
             Slain by an orc warrior
             ... wielding a cursed +0 scimitar
              (7 damage)
             ... on level 1 of the Orcish Mines.
             The game lasted 00:55:25 (10386 turns).

dohliylev the Covert (Vampire Enchanter)           Turns: 10386, Time: 00:55:26

Health: -1/72      AC:  4    Str:  7    XL:     10   Next: 43%
Magic:  13/17      EV: 18    Int: 21    God:    Makhleb [*.....]
Gold:   523        SH:  0    Dex: 18    Spells: 13/19 levels left

rFire    . . .     SeeInvis +   c - +4 short sword (freeze)
rCold    . . .     Gourm    .   (no shield)
rNeg     . . .     Faith    .   b - +0 robe
rPois    .         Spirit   .   (no helmet)
rElec    .         Reflect  .   z - +0 cloak
rCorr    .         Harm     .   (no gloves)
MR       +....                  r - +0 pair of boots
Stlth    +++++.....             (no amulet)
HPRegen  0.42/turn              F - +3 ring of dexterity
MPRegen  0.15/turn              I - +1 ring of slaying

@: regenerating quickly
A: fangs 3, see invisible, unbreathing
a: Renounce Religion


You were on level 1 of the Orcish Mines.
You worshipped Makhleb.
Makhleb was aware of your devotion.
You were very full.

You visited 3 branches of the dungeon, and saw 11 of its levels.
You also visited: Ossuary.

You collected 523 gold pieces.

Inventory:

Hand Weapons
 c - a +4 short sword of freezing (weapon)
Armour
 b - a +0 robe (worn)
 r - a +0 pair of boots (worn)
 z - a +0 cloak (worn)
Jewellery
 e - a +3 ring of protection
 p - an uncursed ring of fire
 y - an uncursed ring of resist corrosion
 F - a +3 ring of dexterity (left hand)
 H - an uncursed ring of protection from cold
 I - a +1 ring of slaying (right hand)
 N - an uncursed ring of flight {unknown}
Wands
 a - a wand of flame (20)
 A - a wand of random effects (23)
 B - a wand of polymorph (16)
 C - a wand of paralysis (11)
 O - a wand of disintegration (11)
Scrolls
 f - a scroll of silence
 g - 7 scrolls of remove curse
 i - 2 scrolls of enchant weapon
 j - a scroll of enchant armour
 o - a scroll of amnesia
 t - a scroll of magic mapping
 D - 3 scrolls of teleportation
 E - 3 scrolls of fear
 G - a scroll of fog
 J - a scroll of immolation {unknown}
 L - a scroll of identify
Potions
 d - 7 potions of blood
 h - 2 potions of magic {unknown}
 k - 2 potions of might {unknown}
 l - 7 potions of flight {unknown}
 m - 8 potions of curing {unknown}
 n - a potion of agility {unknown}
 q - 3 potions of haste {unknown}
 s - 5 potions of degeneration {unknown}
 u - 2 potions of lignification {unknown}
 v - 3 potions of heal wounds {unknown}
 w - 2 potions of berserk rage
 x - 2 potions of brilliance {unknown}
 K - 2 potions of mutation {unknown}
 M - a potion of resistance {unknown}


   Skills:
 + Level 4.2 Fighting
 - Level 8.0 Short Blades
 + Level 8.0 Dodging
 - Level 12.0 Stealth
 - Level 5.0 Spellcasting
 - Level 5.0 Hexes
 - Level 1.0 Ice Magic
 - Level 5.1 Invocations


You had 13 spell levels left.
You knew the following spells:

 Your Spells              Type           Power        Failure   Level  Hunger
a - Corona                Hex            ####...      1%          1    None
b - Ensorcelled Hibernat  Hex/Ice        ###...       4%          2    None
c - Confuse               Hex            ####....     4%          3    ##.....

Your spell library contained the following spells:

 Spells                   Type           Power        Failure   Level  Hunger
 Tukima's Dance           Hex            ####....     4%          3    ##.....
 Dazzling Spray           Conj/Hex       ###...       12%         3    ##.....


Dungeon Overview and Level Annotations

Branches:
Dungeon (9/15)             Temple (1/1) D:7             Orc (1/2) D:9
   Lair: D:8-11

Altars:
Ashenzari
Cheibriados
Dithmenos
Elyvilon
Fedhas
Gozag
Hepliaklqana
Kikubaaqudgha
Makhleb
Nemelex Xobeh
Okawaru
Qazlal
Ru
Sif Muna
Trog
Uskayaw
Vehumet
Wu Jian
Xom
Yredelemnul
Zin
The Shining One

Shops:
D:5 *%?![   D:7 (   D:8 (

Annotations:
D:4 3 runed doors, raikaria's ghost, amateur DrWr


Innate Abilities, Weirdness & Mutations

Your natural rate of healing is unusually fast.
You have razor-sharp teeth.
You have supernaturally acute eyesight. (SInv)
You can survive without breathing.


Message History

Aim: an orc warrior, wielding a glaive and wearing a plate armour (chance to The orc warrior resists with some effort.
The orc warrior barely misses you.
The orc knight roars a battlecry!
The orcs go into a battle-frenzy!
The orc barely misses you. The orc warrior hits you with a glaive!
Casting: Ensorcelled Hibernation (safe; 4% risk of failure)
Confirm with . or Enter, or press ? or * to list all spells.
Aiming: Ensorcelled Hibernation (safe; 4% risk of failure)
Press: ? - help, Shift-Dir - straight line, f/p - orc warrior
Aim: an orc warrior, wielding a glaive and wearing a plate armour (unusually The orc warrior resists with some effort.
The orc warrior hits you with a scimitar!!
The orc closely misses you.
The orc warrior hits you with a glaive!!
* * * LOW HITPOINT WARNING * * *
The orc knight roars a battlecry!
The orc warrior goes into a battle-frenzy!
The orc warrior hits you with a scimitar!
You die...

.......##... ......
........ ...# .......
....#... #..####......$
..#.##.##...##........
....##....###........
##........##......$..
..##...#......#........
........o[...o.....#.#.#
.....(o@[[...o#........o
....(...o...#.##''######
.............## ...#
............## ...#
..#..$.....## ..oo.
...........# o...
...........# .$#.
..$......#.# .......#..#


You could see an orc knight, 2 orc warriors, an orc wizard and an orc.

Vanquished Creatures
  A troll (D:9)
  A hornet (D:9)
  2 hippogriffs (D:8)
  A wraith (D:9)
  Menkaure (Ossuary)
  3 hungry ghosts
  2 wargs
  2 ice beasts
  5 orc warriors
  A sky beast (D:6)
  2 black bears
  3 phantoms
  3 centaurs
  5 ogres
  A wyvern zombie (D:7)
  A bullfrog (D:8)
  A water moccasin zombie (D:7)
  A wyvern skeleton (D:9)
  A scorpion (D:4)
  7 killer bees
  3 crimson imps
  A centaur zombie (D:5)
  2 bullfrog zombies (D:8)
  8 orc priests
  3 hounds
  A jelly (D:6)
  A centaur skeleton (D:8)
  Jessica (D:2)
  2 iguanas
  Terence (D:2)
  Natasha (D:4)
  6 orc wizards
  8 worker ants
  A hound zombie (D:8)
  4 mummies
  A hound skeleton (D:7)
  A howler monkey zombie (D:7)
  2 worker ant zombies
  7 gnolls
  12 adders
  2 shadow imps
  3 worms
  A dart slug (D:1)
  7 leopard geckos
  37 orcs
  5 bats
  10 giant cockroaches
  9 goblins
  5 hobgoblins
  3 jackals (D:4)
  11 kobolds
  A quokka (D:4)
  2 ball pythons
  8 frilled lizards
  A gnoll skeleton (Ossuary)
  A goblin skeleton (Ossuary)
  A goblin zombie (Ossuary)
  2 hobgoblin skeletons (Ossuary)
  4 hobgoblin zombies (Ossuary)
  A jackal skeleton (D:4)
  2 kobold skeletons (Ossuary)
  3 kobold zombies (Ossuary)
  A leopard gecko skeleton (D:9)
  An orc skeleton (Ossuary)
  4 orc zombies
  4 rats
  A rat skeleton (Ossuary)
  2 rat zombies (Ossuary)
242 creatures vanquished.

Vanquished Creatures (others)
  3 gnoll zombies (Ossuary)
  3 goblin skeletons (Ossuary)
  A goblin zombie (Ossuary)
  2 hobgoblin skeletons (Ossuary)
  2 hobgoblin zombies (Ossuary)
  9 kobold skeletons (Ossuary)
  2 kobold zombies (Ossuary)
  An orc skeleton (Ossuary)
  2 orc zombies (Ossuary)
  2 rat skeletons (Ossuary)
  3 rat zombies (Ossuary)
30 creatures vanquished.

Grand Total: 272 creatures vanquished

Notes
Turn   | Place    | Note
-------+----------+-------------------------------------------
     0 | D:1      | dohliylev the Vampire Enchanter began the quest for the
                  | Orb.
     0 | D:1      | Reached XP level 1. HP: 13/13 MP: 3/3
    71 | D:1      | Reached XP level 2. HP: 14/19 MP: 5/5
   477 | D:1      | Reached XP level 3. HP: 24/24 MP: 6/6
   845 | D:2      | Learned a level 2 spell: Ensorcelled Hibernation
   849 | D:2      | Learned a level 3 spell: Confuse
  1065 | D:2      | Found a hide-covered altar of Uskayaw.
  1151 | D:2      | Noticed Jessica
  1161 | D:2      | Killed Jessica
  1161 | D:2      | Reached XP level 4. HP: 30/30 MP: 4/7
  1216 | D:2      | Found a blossoming altar of Fedhas.
  1231 | D:2      | Noticed Terence
  1235 | D:2      | Killed Terence
  1515 | D:3      | Found a radiant altar of Vehumet.
  1925 | D:3      | Reached XP level 5. HP: 28/35 MP: 4/8
  2042 | D:4      | Noticed an ogre
  2066 | D:4      | Reached skill level 1 in Ice Magic
  2249 | D:4      | Found a sand-covered staircase.
  2265 | Ossuary  | Entered an ossuary
  3340 | Ossuary  | Noticed Menkaure
  3353 | Ossuary  | Killed Menkaure
  3353 | Ossuary  | Reached skill level 5 in Dodging
  3353 | Ossuary  | Reached XP level 6. HP: 32/41 MP: 2/9
  3455 | D:4      | Reached skill level 5 in Short Blades
  3606 | D:4      | Reached skill level 5 in Hexes
  3806 | D:3      | Reached skill level 5 in Stealth
  4096 | D:4      | Found a runed gate.
  4096 | D:4      | Found a runed gate.
  4096 | D:4      | Found a runed gate.
  4096 | D:4      | Noticed raikaria's ghost (amateur DrWr)
  4204 | D:4      | Noticed Natasha
  4209 | D:4      | Killed Natasha
  4209 | D:4      | Reached XP level 7. HP: 46/46 MP: 4/10
  4398 | D:4      | Reached skill level 6 in Stealth
  4819 | D:4      | Found a sacrificial altar of Ru.
  4910 | D:4      | Found a snail-covered altar of Cheibriados.
  5096 | D:5      | Entered Level 5 of the Dungeon
  5175 | D:5      | Reached skill level 7 in Stealth
  5219 | D:5      | Reached skill level 1 in Fighting
  5374 | D:5      | Found an ornate altar of the Wu Jian Council.
  5430 | D:5      | Reached skill level 8 in Stealth
  5463 | D:5      | Found Lets's Armour Boutique.
  5560 | D:5      | Found a shimmering altar of Xom.
  5563 | D:5      | Found Tesau's Magic Scroll Shop.
  5621 | D:5      | Found Odoqieb's Distillery.
  5721 | D:5      | Found Nuecvuv's Assorted Antiques.
  5750 | D:5      | Found Kaevaw's Food Emporium.
  5913 | D:6      | Reached XP level 8. HP: 56/56 MP: 4/11
  5922 | D:6      | Found an opulent altar of Gozag.
  6133 | D:6      | Reached skill level 9 in Stealth
  6513 | D:6      | Found a bloodstained altar of Trog.
  6553 | D:6      | Reached skill level 10 in Stealth
  6708 | D:6      | Found a glowing golden altar of the Shining One.
  6791 | D:7      | Found Yruda's Antique Weapon Shop.
  6844 | D:7      | Reached skill level 11 in Stealth
  6899 | D:7      | Reached XP level 9. HP: 48/61 MP: 13/13
  6985 | D:7      | Found a basalt altar of Yredelemnul.
  7122 | D:7      | Reached skill level 12 in Stealth
  7207 | D:7      | Found a staircase to the Ecumenical Temple.
  7215 | Temple   | Entered the Ecumenical Temple
  7403 | Temple   | Became a worshipper of Makhleb the Destroyer
  7786 | D:8      | Reached skill level 5 in Spellcasting
  7818 | D:8      | Found a glowing silver altar of Zin.
  7947 | D:8      | Reached skill level 1 in Invocations
  8399 | D:8      | Reached skill level 5 in Invocations
  8410 | D:8      | HP: 1/61 [orc priest/divine providence (13)]
  8866 | D:8      | Found Winueb's Weapon Shoppe.
  9313 | D:9      | Reached XP level 10. HP: 57/68 MP: 11/17
  9441 | D:9      | Reached * piety under Makhleb
  9639 | D:9      | Found a staircase to the Orcish Mines.
 10051 | Orc:1    | Entered Level 1 of the Orcish Mines
 10281 | Orc:1    | Noticed an orc knight
 10386 | Orc:1    | Slain by an orc warrior

Skill      XL: |  1  2  3  4  5  6  7  8  9 10 |
---------------+-------------------------------+-----
Short Blades   | 2 3 4 5 6 8 |  8.0
Dodging        | 3 4 5 6 8 |  8.0
Ice Magic      | 1 |  1.0
Hexes          | 5 |  5.0
Stealth        | 5 8 11 12 | 12.0
Fighting       | 2 4 |  4.2
Spellcasting   | 3 5 |  5.0
Invocations    | 5 |  5.1

Action                   |  1- 3 |  4- 6 |  7- 9 | 10-12 || total
-------------------------+-------+-------+-------+-------++-------
Melee: Dagger            |   137 |   353 |   232 |       ||   722
       Bite              |     7 |    49 |    30 |     8 ||    94
       Short sword       |       |       |   159 |    70 ||   229
 Cast: Corona            |     1 |     1 |     6 |     1 ||     9
       Ensorcelled Hiber |     1 |    49 |    90 |    29 ||   169
       Confuse           |       |    16 |    12 |     6 ||    34
  Use: Scroll            |       |    10 |    10 |       ||    20
       Potion            |       |    13 |     9 |       ||    22
 Stab: Sleeping          |    11 |    29 |    58 |    18 ||   116
       Distracted        |       |     1 |     1 |       ||     2
       Confused          |       |     3 |    11 |     3 ||    17
  Eat: Corpse            |    11 |    10 |    18 |     6 ||    45
Armor: Robe              |    25 |    41 |    41 |     9 ||   116
Dodge: Dodged            |    89 |   175 |   259 |    69 ||   592
